[Event "MČR juniorů a juniorek v rapid šachu 2024"]
[Site "Hotel Fit Fun, Harrachov, Czech Republic"]
[Date "2024.09.22"]
[Round "7.26"]
[White "Hyam Robin"]
[Black "Nespora Tatana"]
[Result "0-1"]
[TimeControl "20+5"]
[WhiteFideId "23773413"]
[BlackFideId "392286"]
[WhiteElo "1571"]
[BlackElo "1697"]

1. e4 c5 2. b3 Nc6 3. Bb2 d6 4. Bb5 Bd7 5. f4 Nd4 6. Bxd7+ Qxd7 7. d3 e5 8. Nf3 Qc7 9. fxe5 dxe5 10. O-O Nf6 11. Nbd2 Be7 12.
Nc4 Nd7 13. Ne3 Nb6 14. a4 a5 15. c3 Ne6 16. Nf5 Bf6 17. Ne3 Rd8 18. Ng4 Qd6 19. Nxf6+ gxf6 20. Ne1 Nf4 21. Rf3 Ke7 22. Bc1 c4 23. Ba3 cxd3 24.
Bxd6+ Rxd6 25. c4 Nd7 26. Ra2 Nc5 27.
Rd2 Rhd8 28. g3 Nh3+ 29. Kg2 Ng5 30. Rff2 Ngxe4 31. Kg1 Nxf2 32. Kxf2 Ne4+ 33. Kg1 Nc3 34. Qa1 Ne2+ 35. Kg2 e4 36.
Kf1 Nd4 37. Ng2 Nf3 38. Rf2 Nxh2+ 39. Kg1 Nf3+ 40. Kh1 d2 41. Ne3 Rd3 42. Nd5+ R8xd5 43. cxd5 d1=Q+ 44. Rf1 Qe2 45. d6+ Kd7 46. Rxf3 Qxf3+ 47. Kh2 Qxg3+ 48. Kh1 Rd2 49. Qf1 Qh2# 0-1



[ePGN "0.1;DGT LiveChess/2.2.6"]

[Event "MČR juniorů a juniorek v rapid šachu 2024"]
[Site "Hotel Fit Fun, Harrachov, Czech Republic"]
[Date "2024.09.22"]
[Round "7.27"]
[White "Budil Vaclav"]
[Black "Plzak David"]
[Result "1-0"]
[TimeControl "20+5"]
[WhiteFideId "23776226"]
[BlackFideId "23776234"]
[WhiteElo "1697"]
[BlackElo "1625"]

1. e4 c5 2. Nf3 a6 3.
Nc3 e6 4. d4 cxd4 5. Nxd4 b5 6. Be3 Bb7 7. f3 Nc6 8. Qd2 Nf6 9. a4 b4 10. Nce2 Be7 11. Nxc6 Bxc6 12. Nd4 Qc8 13. Be2 O-O 14. O-O Qb7 15.
Nxc6 dxc6 16. Bc4 Rfd8 17. Qe2 a5 18. Rfd1 Qc7 19. Qf2 c5 20. Bb5 Bd6 21. g3 Rac8 22. b3 Be5 23. Rab1 Bd4 24.
Bxd4 cxd4 25. Bc4 e5 26. Rd3 Nd7 27. Rd2 Nb6 28. Bd3 Qd6 29. f4 f6 30. Rf1 Rf8 31. Qg2 Qe6 32. h3 Kh8 33. Be2 Rc3 34. Bg4 Qe7 35.
fxe5 Qxe5 36. Rf3 Qxe4 37. Rxc3 Qxg2+ 38. Kxg2 dxc3 39. Rd6 Rb8 40. Kf3 h6 41.
Bf5 Kg8 42. Rc6 Rb7 43. Rc5 Ra7 44. Rb5 Na8 45. Be6+ Kh7 46. Bd5 Nc7 47. Be4+ Kg8 48. Rb8+ Kf7 49. Bd3 Na6 50. Rb6 Nc5 51.
Bc4+ Kg6 52. Rc6 Nb7 53. Rc7 Kf5 54. Bd5 Ke5 55. Rxb7 Rxb7 56. Bxb7 g5 57.
Bc8 h5 58. Ba6 f5 59. Bd3 h4 60. gxh4 gxh4 61. Ke3 Kf6 62. Kf4 1-0



[ePGN "0.1;DGT LiveChess/2.2.6"]

[Event "MČR juniorů a juniorek v rapid šachu 2024"]
[Site "Hotel Fit Fun, Harrachov, Czech Republic"]
[Date "2024.09.22"]
[Round "7.28"]
[White "Fousek Petr"]
[Black "Zadrapova Gabriela"]
[Result "1-0"]
[TimeControl "20+5"]
[WhiteFideId "23736003"]
[BlackFideId "23753056"]
[WhiteElo "1731"]
[BlackElo "1456"]

1. e4 e5 2. Nf3 Nc6 3.
Bb5 Nf6 4. O-O d6 5. Re1 Bd7 6. c3 a6 7. Ba4 b5 8. Bc2 Be7 9. d4 exd4 10. cxd4 O-O 11. a3 Bg4 12. Be3 d5 13.
e5 Ne4 14. Nc3 Ng5 15. Qd3 g6 16. Nxg5 Bxg5 17. f4 Be7 18. h3 Bf5 19. Qd2 Bxc2 20. Qxc2 b4 21. Ne2 Na5 22. f5 Nc4 23.
Bh6 Re8 24. f6 bxa3 25. fxe7 Qxe7 26. bxa3 Nxa3 27. Qc1 Nc4 28. Bg5 Qd7 29. Bf6 Nd6 30. exd6 Qxd6 31. Be5 Qe6 32. Qxc7 Re7 33.
Nf4 1-0



[ePGN "0.1;DGT LiveChess/2.2.6"]

[Event "MČR juniorů a juniorek v rapid šachu 2024"]
[Site "Hotel Fit Fun, Harrachov, Czech Republic"]
[Date "2024.09.22"]
[Round "7.29"]
[White "Krizan Jakub"]
[Black "Boff Vojtech"]
[Result "1-0"]
[TimeControl "20+5"]
[WhiteFideId "23717017"]
[BlackFideId "23733969"]
[WhiteElo "1000"]
[BlackElo "1719"]

1. e4 c5 2. Nf3 e6 3. Nc3 Nc6 4. Bc4 a6 5. a4 d6 6. d3 Be7 7. O-O Nf6 8. Bg5 O-O 9. d4 cxd4 10.
Nxd4 Bd7 11. Nf3 h6 12. Bh4 Rc8 13. Bb3 Na5 14. Ba2 Nc4 15. Bxc4 Rxc4 16. Qd3 Rc6 17. Rad1 Qc7 18. e5 dxe5 19.
Bxf6 Rd6 20. Bxe5 Rxd3 21. Bxc7 Rxd1 22. Rxd1 Bc6 23. Ne5 Rc8 24. Nxc6 Rxc7 25. Nxe7+ Rxe7 26. f3 Kh7 27. Kf2 Kg6 28. Ne4 Rc7 29. c3 b5 30. axb5 axb5 31. Rd4 Ra7 32. Rb4 Rb7 33. Nd6 Rd7 34. Nxb5 Rd2+ 35. Kg3 f5 36.
c4 e5 37. Nc3 f4+ 38. Kh3 Kf5 39. Ne4 Rc2 40. c5 g5 41. Rc4 Rxb2 42. c6 h5 43. c7 g4+ 44. fxg4+ hxg4+ 45. Kh4 Rxg2 46. c8=Q+ Kg6 47. Rc6+ Kg7 48. Qd7+ 1-0



[ePGN "0.1;DGT LiveChess/2.2.6"]

[Event "MČR juniorů a juniorek v rapid šachu 2024"]
[Site "Hotel Fit Fun, Harrachov, Czech Republic"]
[Date "2024.09.22"]
[Round "7.3"]
[White "Lihotsky Lukas"]
[Black "Pressler Tobias"]
[Result "1-0"]
[TimeControl "20+5"]
[WhiteFideId "23727004"]
[BlackFideId "23715359"]
[WhiteElo "1975"]
[BlackElo "1992"]

1. d4 d5 2. c4 e6 3.
Nc3 Nf6 4. Bg5 Be7 5. e3 O-O 6. Nf3 c6 7. Rc1 dxc4 8. Bxc4 b5 9. Bd3 Bb7 10. O-O Nbd7 11.
a4 a6 12. Qe2 Rc8 13. Rfd1 Qa5 14. Ra1 Qb6 15. Ne5 Rc7 16. Nxd7 Rxd7 17. Bxf6 Bxf6 18. Ne4 Be7 19. Nc5 Rd5 20. Be4 Rdd8 21. Qc2 g6 22.
axb5 axb5 23. Nxb7 Qxb7 24. Qxc6 Qxc6 25. Bxc6 Rc8 26. Be4 Rc7 27. Bd3 b4 28. b3 Rc3 29. Bc4 Rc8 30. g3 Rc2 31. Ra7 Kf8 32. Rda1 R8xc4 33. bxc4 b3 34. Kg2 b2 35. Rb1 Bb4 36. Rb7 Bc3 37. c5 Ke8 38. Rb3 e5 39. Rxc3 Rxc3 40. Rxb2 exd4 41. exd4 Rd3 42. Rb4 Kd7 43. Ra4 Kc6 44. Ra6+ Kc7 45. Rf6 Rxd4 46. Rxf7+ Kc6 47. Rxh7 Kxc5 48. h4 Rd6 49. h5 gxh5 50. Rxh5+ Kd4 51. f4 Ke4 52. Re5+ 1-0



[ePGN "0.1;DGT LiveChess/2.2.6"]

[Event "MČR juniorů a juniorek v rapid šachu 2024"]
[Site "Hotel Fit Fun, Harrachov, Czech Republic"]
[Date "2024.09.22"]
[Round "7.30"]
[White "Martinkovicova Nela"]
[Black "Pes Matej"]
[Result "0-1"]
[TimeControl "20+5"]
[WhiteFideId "23715596"]
[BlackFideId "23766816"]
[WhiteElo "1446"]
[BlackElo "1697"]

1. e4 c5 2. c4 Nc6 3. Nc3 g6 4. g3 Bg7 5. Bg2 e6 6. d3 Nge7 7. Nge2 O-O 8. O-O d6 9. f4 a6 10.
Rb1 f5 11. Be3 Nd4 12. Qd2 Nec6 13. Kh1 Rb8 14. a3 Bd7 15. b4 Nxe2 16. Nxe2 cxb4 17. axb4 b5 18. cxb5 Rxb5 19. Nc3 Rxb4 20.
Rxb4 Nxb4 21. Rb1 a5 22. Ne2 Qc7 23. Rc1 Qb8 24. Nd4 e5 25. fxe5 dxe5 26. Bh6 exd4 27. Bxg7 Kxg7 28. Ra1 fxe4 29.
dxe4 Qb6 30. Rd1 d3 31. Qb2+ Kg8 32. Qb3+ Be6 33. Qb2 Rf2 34. Qc3 Qe3 35. Re1 Re2 36. Rd1 Qf2 37. Rg1 Bh3 0-1



[ePGN "0.1;DGT LiveChess/2.2.6"]

[Event "MČR juniorů a juniorek v rapid šachu 2024"]
[Site "Hotel Fit Fun, Harrachov, Czech Republic"]
[Date "2024.09.22"]
[Round "7.31"]
[White "Horvath Michal"]
[Black "Marxova Sarka"]
[Result "0-1"]
[TimeControl "20+5"]
[BlackFideId "23701862"]
[WhiteElo "1000"]
[BlackElo "1684"]

1. e4 e6 2. d4 d5 3. e5 c5 4. c3 Nc6 5. Nf3 Qb6 6. Be2 Nge7 7. Nbd2 cxd4 8. cxd4 Nxd4 9. Nxd4 Qxd4 10. O-O Nc6 11. Nf3 Qxd1 12.
Rxd1 Bc5 13. Bd2 Nd4 14. Re1 Nc2 15. Rec1 Bxf2+ 16. Kxf2 Nxa1 17. Rxa1 Bd7 18. Nd4 O-O 19. Bd3 f6 20. exf6 Rxf6+ 21. Nf3 e5 22. Bc3 d4 23.
Bd2 Bc6 24. Bg5 Rff8 25. Be7 Rfe8 26. Bc4+ Kh8 27. Ba3 Bxf3 28. gxf3 Rac8 29. Bd3 g6 30. Re1 Kg7 31. Bb5 Rc2+ 32.
Kg3 Rd8 33. Rxe5 d3 34. Ba4 Rc1 35. Re7+ Kh6 36. Rxb7 d2 37. Rxa7 d1=Q 38. Bxd1 Rcxd1 39. Be7 Rc8 40. Kg4 Rd4+ 41.
f4 g5 42. Bxg5+ Kg6 43. Ra6+ Kf7 44. Ra7+ Kg6 45. Ra6+ Kf7 46. a4 Rb8 47. Bf6 Rd2 48. Bc3 Rxh2 49. Ra7+ Kf8 50. a5 h5+ 51.
Kf5 Rg2 0-1



[ePGN "0.1;DGT LiveChess/2.2.6"]

[Event "MČR juniorů a juniorek v rapid šachu 2024"]
[Site "Hotel Fit Fun, Harrachov, Czech Republic"]
[Date "2024.09.22"]
[Round "7.32"]
[White "Vratil Tomas"]
[Black "Macova Marketa"]
[Result "1-0"]
[TimeControl "20+5"]
[WhiteFideId "23756870"]
[BlackFideId "23715588"]
[WhiteElo "1671"]
[BlackElo "1587"]

1. e4 c5 2. c3 Nf6 3. e5 Nd5 4. d4 cxd4 5. cxd4 Nc6 6. Nf3 d6 7. Bc4 Nb6 8. Bb3 Bg4 9. Bxf7+ Kd7 10.
e6+ Kc7 11. d5 Nb4 12. Nc3 Rc8 13. Be3 Kb8 14. O-O g6 15. Bd4 Bh6 16. Bxh8 Qxh8 17. a3 Na6 18. Rc1 Bxc1 19. Qxc1 Bxf3 20.
gxf3 Qf6 21. Qh6 Qxf3 22. Qxh7 Rc4 23. Qg8+ Nc8 24. Re1 Rg4+ 25. Kf1 Qd3+ 26. Re2 Qh3+ 27. Ke1 Rg1+ 28. Kd2 Qh6+ 29. Re3 Qf4 30. Be8 Qxf2+ 31. Ne2 Nc5 32.
Bd7 Nb3+ 33. Kc2 Rc1+ 34. Kd3 Qf5+ 35. Re4 Qxd5+ 36. Ke3 Qd2+ 37. Kf3 Rc2 38. Qxg6 Qd3+ 39. Kf2 Nd4 40. Qg4 Nxe2 41.
Rxe2 Qd4+ 42. Qxd4 1-0



[ePGN "0.1;DGT LiveChess/2.2.6"]

[Event "MČR juniorů a juniorek v rapid šachu 2024"]
[Site "Hotel Fit Fun, Harrachov, Czech Republic"]
[Date "2024.09.22"]
[Round "7.33"]
[White "Lebeda Frantisek Jiri"]
[Black "Jun Rostislav"]
[Result "1-0"]
[TimeControl "20+5"]
[BlackFideId "23719524"]
[WhiteElo "1000"]
[BlackElo "1641"]

1. e4 c5 2. Nf3 Nc6 3. Bb5 e6 4. O-O d6 5. c3 Nf6 6. Re1 Be7 7. d4 cxd4 8. cxd4 O-O 9. Nc3 a6 10.
Bxc6 bxc6 11. Bf4 Bb7 12. h3 Rc8 13. e5 Nd5 14. Nxd5 cxd5 15. Qb3 Bc6 16. Rac1 a5 17. a4 Qd7 18.
Qc3 Bxa4 19. Qxa5 Bc6 20. exd6 Bxd6 21. Bxd6 Qxd6 22. Ne5 f6 23. Nxc6 Rxc6 24. Rxc6 Qxc6 25. Ra1 Rb8 26. b4 Qc4 27.
Qa7 Qxb4 28. Rc1 Qd6 29. g3 Qb6 30. Rc8+ 1-0



[ePGN "0.1;DGT LiveChess/2.2.6"]

[Event "MČR juniorů a juniorek v rapid šachu 2024"]
[Site "Hotel Fit Fun, Harrachov, Czech Republic"]
[Date "2024.09.22"]
[Round "7.34"]
[White "Taborska Aneta"]
[Black "Kopecka Libuse"]
[Result "0-1"]
[TimeControl "20+5"]
[WhiteFideId "23733039"]
[BlackFideId "23748826"]
[WhiteElo "1582"]
[BlackElo "1496"]

1. d4 d5 2. Nf3 Nf6 3. e3 Bf5 4.
Bd3 Bxd3 5. Qxd3 Nc6 6. Nbd2 e6 7.
O-O Bd6 8. c3 h6 9. Re1 O-O 10. e4 dxe4 11. Nxe4 Re8 12. Bd2 Qe7 13. Nxf6+ Qxf6 14. Re4 Kf8 15. Ne5 Rad8 16. Rae1 Nxe5 17.
dxe5 Bxe5 18. Qe3 Bd6 19. Qxa7 b6 20. Qa4 Bxh2+ 21. Kxh2 Rxd2 22. Rf4 Qg5 23. Qb4+ Qc5 24. f3 Qxb4 25.
Rxb4 Ra8 26. a3 Rb8 27. Ree4 c5 28. Rbc4 Rxb2 29. Rf4 Rb3 30. a4 Ke7 31. Rce4 Rxc3 32. Rg4 f5 33. Rxg7+ Kf6 0-1



[ePGN "0.1;DGT LiveChess/2.2.6"]

[Event "MČR juniorů a juniorek v rapid šachu 2024"]
[Site "Hotel Fit Fun, Harrachov, Czech Republic"]
[Date "2024.09.22"]
[Round "7.35"]
[White "Tichy Richard"]
[Black "Vondra Filip"]
[Result "0-1"]
[TimeControl "20+5"]
[WhiteFideId "23727063"]
[BlackFideId "23725176"]
[WhiteElo "1698"]
[BlackElo "1598"]

1. Nf3 d5 2. d4 e6 3. g3 c5 4. c4 Nc6 5. Nc3 Nf6 6. cxd5 exd5 7. Bg2 Be6 8. Bf4 Qb6 9. b3 cxd4 10.
Na4 Bb4+ 11. Bd2 Bxd2+ 12. Qxd2 Qb4 13. O-O-O Qxd2+ 14. Rxd2 Ne4 15. Rc2 Nxf2 16. Rf1 Ne4 17. Nc5 Nxc5 18. Rxc5 O-O 19. Rd1 Rac8 20.
Kb2 b6 21. Rcc1 d3 22. Rxd3 Nb4 23. Rdd1 Rfd8 24. a3 Na6 25. Ng5 Nc5 26. Nxe6 fxe6 27. Bh3 Kf7 28. Rf1+ Ke7 29. b4 Ne4 30. a4 0-1



[ePGN "0.1;DGT LiveChess/2.2.6"]

[Event "MČR juniorů a juniorek v rapid šachu 2024"]
[Site "Hotel Fit Fun, Harrachov, Czech Republic"]
[Date "2024.09.22"]
[Round "7.36"]
[White "Dufkova Tereza"]
[Black "Musil Tomas"]
[Result "1-0"]
[TimeControl "20+5"]
[WhiteFideId "23744383"]
[BlackFideId "23762888"]
[WhiteElo "1601"]
[BlackElo "1519"]

1. e4 e6 2. d4 d5 3. e5 c5 4. c3 Nc6 5. Nf3 Bd7 6. Bg5 f6 7. Bh4 Be7 8. Bb5 Nxe5 9. Bxd7+ Nxd7 10. Nbd2 Qb6 11. Qc2 Rc8 12. Nb3 Nh6 13. O-O Nf5 14.
Qd2 Bd6 15. Rfe1 e5 16. dxe5 Nxe5 17. Nxe5 Bxe5 18. Bg3 Nxg3 19. hxg3 O-O 20. Qxd5+ Kh8 21. Rab1 Rfd8 22. Qf3 c4 23.
Nc1 Bxc3 24. Re7 Bb4 25. Rxb7 Qc5 26. Qg4 Rc7 27. Rxc7 Qxc7 28. Ne2 Bd2 29. Rd1 Qc6 30. Nd4 Rxd4 31.
Qxd4 1-0



[ePGN "0.1;DGT LiveChess/2.2.6"]

[Event "MČR juniorů a juniorek v rapid šachu 2024"]
[Site "Hotel Fit Fun, Harrachov, Czech Republic"]
[Date "2024.09.22"]
[Round "7.4"]
[White "Sichrovsky Tomas"]
[Black "Mikolas Petr"]
[Result "0-1"]
[TimeControl "20+5"]
[WhiteFideId "23704730"]
[BlackFideId "23713224"]
[WhiteElo "1928"]
[BlackElo "1892"]

1. Nf3 Nf6 2. b3 g6 3.
Bb2 Bg7 4. e3 O-O 5. c4 d6 6.
d4 c5 7.
Be2 Ne4 8. Nbd2 Nxd2 9. Nxd2 cxd4 10. exd4 Nc6 11. Nf3 Qa5+ 12. Qd2 Qxd2+ 13. Kxd2 Bg4 14. Kd3 e5 15. dxe5 dxe5 16. Kc2 Nb4+ 17.
Kd2 Rad8+ 18. Ke1 Bxf3 19. gxf3 Nc2+ 20. Kf1 Nxa1 21. Bxa1 Rd2 0-1



[ePGN "0.1;DGT LiveChess/2.2.6"]

[Event "MČR juniorů a juniorek v rapid šachu 2024"]
[Site "Hotel Fit Fun, Harrachov, Czech Republic"]
[Date "2024.09.22"]
[Round "7.5"]
[White "Jun Rudolf"]
[Black "Garabik Marek"]
[Result "1/2-1/2"]
[TimeControl "20+5"]
[WhiteFideId "376612"]
[BlackFideId "23717742"]
[WhiteElo "2142"]
[BlackElo "1933"]

1. e4 e6 2. d4 d5 3. Nd2 dxe4 4. Nxe4 Be7 5. Nf3 Nf6 6. Bd3 Nbd7 7. Ng3 b6 8. O-O Bb7 9. Re1 O-O 10.
c3 c5 11. dxc5 Nxc5 12. Bc2 Qxd1 13. Rxd1 Rad8 14. Be3 h6 15. a4 Nd5 16. Bd4 f6 17. a5 e5 18. Bxc5 Bxc5 19. b4 Be7 20.
Nf5 g6 21. Nxe7+ Nxe7 22. axb6 axb6 23. Ra7 Rxd1+ 24. Bxd1 Rb8 25. Bb3+ Kf8 26. Ra1 Rd8 27. Rc1 Bd5 28. c4 Bf7 29. Ba4 Rc8 30. Nd2 Nc6 31.
h4 Nd4 32. Kh2 f5 33. c5 bxc5 34. bxc5 Bd5 35. Rc3 Ke7 36. Re3 Kf6 37. Rc3 Bc6 38. Bd1 Bd5 39. Ba4 Bc6 40. Bd1 Bd5 41. Nf1 f4 42. Nd2 Ne6 43. Bb3 Bxb3 44. Rxb3 Kf5 45. Rb6 Nxc5 46. h5 gxh5 47. Rxh6 Kg5 48. Rd6 Kf5 49. Rh6 Kg5 50. Rd6 Kf5 51.
Nf3 Ne4 52. Rh6 Nxf2 53. Rxh5+ Kg6 54. Rg5+ Kh6 55. Rf5 e4 56. Ng1 f3 57. gxf3 exf3 58. Nxf3 Rc2 59. Kg3 Ne4+ 60. Kf4 Nd2 61.
Ne5 Kg7 62. Rf7+ Kg8 63. Kf5 Nc4 64. Re7 Nxe5 65. Rxe5 1/2-1/2



[ePGN "0.1;DGT LiveChess/2.2.6"]

[Event "MČR juniorů a juniorek v rapid šachu 2024"]
[Site "Hotel Fit Fun, Harrachov, Czech Republic"]
[Date "2024.09.22"]
[Round "7.6"]
[White "Slaby Matej"]
[Black "Steinbauer Sebastian"]
[Result "1-0"]
[TimeControl "20+5"]
[WhiteFideId "23734876"]
[BlackFideId "399272"]
[WhiteElo "1948"]
[BlackElo "2062"]

1. Nf3 Nf6 2. d4 g6 3. Nbd2 Bg7 4. e4 d6 5. Bd3 Nbd7 6. O-O c5 7. c3 O-O 8. Re1 e5 9. dxe5 Nxe5 10. Nxe5 dxe5 11. Nc4 Qc7 12.
a4 b6 13. Qe2 Bb7 14. Bg5 Ne8 15. Qe3 Nd6 16. Nxd6 Qxd6 17. Bb5 Qe6 18. a5 f6 19. Qe2 Kh8 20. Bh4 Qc8 21. axb6 axb6 22.
f3 Rd8 23. Rxa8 Qxa8 24. Rd1 g5 25. Bf2 Bf8 26. h4 h6 27. hxg5 hxg5 28. g4 Kg7 29. Kg2 Be7 30. Rxd8 Qxd8 31.
Qc4 Bc8 32. Ba4 Qg8 33. Qb5 Bd8 34. b4 cxb4 35. cxb4 Qe6 36. Qd3 Bc7 37. Bb3 Qc6 38. b5 Qd7 39. Qc4 Bb7 40. Qg8+ Kh6 41.
Bf7 1-0



[ePGN "0.1;DGT LiveChess/2.2.6"]

[Event "MČR juniorů a juniorek v rapid šachu 2024"]
[Site "Hotel Fit Fun, Harrachov, Czech Republic"]
[Date "2024.09.22"]
[Round "7.8"]
[White "Stocek Martin"]
[Black "Rybacek Martin"]
[Result "1-0"]
[TimeControl "20+5"]
[WhiteFideId "380121"]
[BlackFideId "23739266"]
[WhiteElo "2021"]
[BlackElo "1831"]

1. d4 Nf6 2. c4 g6 3. Nc3 d5 4. Nf3 Bg7 5. Qb3 dxc4 6. Qxc4 O-O 7. e4 Nfd7 8. Be2 Nb6 9. Qd3 Bg4 10.
Be3 Nc6 11. Rd1 f5 12. O-O f4 13. d5 fxe3 14. dxc6 exf2+ 15. Rxf2 Qxd3 16. Rxd3 bxc6 17. h3 Be6 18. Nd4 Bc4 19.
Rd1 c5 20. Nc6 Rxf2 21. Kxf2 e6 22. Na5 Rf8+ 23. Bf3 Bxc3 24. bxc3 Bxa2 25. Ra1 Bc4 26. Nxc4 Nxc4 27. Rxa7 c6 28. Re7 Rf6 29. Ke2 Ne5 30. Ke3 Kf8 31. Rxh7 Rf7 32.
Rh8+ Ke7 33. Ra8 Kd6 34. Rd8+ Rd7 35.
Rxd7+ Kxd7 36. Be2 Kd6 37. g3 c4 38. Kd4 c5+ 39. Ke3 Ke7 40. Kf4 Kf6 41. h4 Nd3+ 42. Ke3 Nb2 43. g4 e5 44.
Kd2 Na4 45. Bxc4 Nb6 46. Bd5 Nd7 47. Bc6 Nb6 48. Bb5 Nc8 49. Kc2 Nd6 50. Bd3 c4 51. Be2 Nxe4 52. Bxc4 Nf2 53. Be2 e4 54. Kd2 Ke5 55. Ke3 Nh3 56. h5 gxh5 57. gxh5 Ng5 58. Bg4 Nf7 59. c4 Nd6 60. c5 Nc4+ 61. Ke2 Kd5 62. h6 Ne5 63. Bh5 1-0



[ePGN "0.1;DGT LiveChess/2.2.6"]

[Event "MČR juniorů a juniorek v rapid šachu 2024"]
[Site "Hotel Fit Fun, Harrachov, Czech Republic"]
[Date "2024.09.22"]
[Round "7.9"]
[White "Bezdek Tomas"]
[Black "Hozda Max"]
[Result "0-1"]
[TimeControl "20+5"]
[WhiteFideId "23733551"]
[BlackFideId "23725958"]
[WhiteElo "1973"]
[BlackElo "1939"]

1. d4 Nf6 2. c4 e6 3. g3 Bb4+ 4. Nd2 d5 5. Bg2 O-O 6. Ngf3 b6 7. cxd5 exd5 8. O-O Re8 9. Ne5 Bb7 10.
Ndf3 Ne4 11. Qc2 Bd6 12. Be3 c5 13. Nd3 c4 14. Nf4 Nd7 15. Nd2 Ndf6 16. f3 Nxd2 17. Bxd2 Qe7 18. Rfe1 Rac8 19. Nh3 Bb4 20. e3 b5 21.
a3 Bxd2 22. Qxd2 Qc7 23. Nf2 a5 24.
e4 dxe4 25. fxe4 Qb6 26. d5 b4 27. axb4 axb4 28. Rac1 Ng4 29. h3 Ne5 30. Kh2 Qd6 31. Qf4 f6 32. Red1 c3 33. bxc3 Rxc3 34.
Rxc3 bxc3 35. Qe3 Rc8 36. Rc1 Qc7 37. Bf1 c2 38. Nd3 Qc3 39. Qe2 Ba6 40. Rxc2 Qxc2 0-1



[ePGN "0.1;DGT LiveChess/2.2.6"]

[Event "MČR juniorů a juniorek v rapid šachu 2024"]
[Site "Hotel Fit Fun, Harrachov, Czech Republic"]
[Date "2024.09.22"]
[Round "8.1"]
[White "Skypala Ondrej"]
[Black "Lihotsky Lukas"]
[Result "1-0"]
[TimeControl "20+5"]
[WhiteFideId "366285"]
[BlackFideId "23727004"]
[WhiteElo "2033"]
[BlackElo "1975"]

1. c4 e6 2. Nf3 d5 3. g3 Nf6 4. Bg2 dxc4 5. O-O a6 6. Na3 c5 7. Nxc4 b5 8.
Nce5 Ra7 9. a4 b4 10. d4 Bb7 11. dxc5 Qxd1 12. Rxd1 Bxc5 13. Bg5 O-O 14. Nd3 Be7 15. Be3 Ra8 16. Rac1 Nbd7 17. Rc7 Bd5 18. Rdc1 Bd6 19. Ra7 Rxa7 20.
Bxa7 h6 21. Bd4 Re8 22. Nfe5 Nxe5 23. Nxe5 Bxg2 24. Kxg2 Bxe5 25. Bxe5 Rd8 26. Rc4 Rd2 27. Rxb4 Rxe2 28. Bd4 e5 29.
Be3 Nd5 30. Rb8+ Kh7 31. Bc5 Rc2 32. b4 a5 33. Bd6 axb4 34. Rb5 Ne3+ 35. Kf3 Nd1 36. Bxb4 Rxf2+ 37. Ke4 Ra2 38. a5 Nb2 39. Rb7 f5+ 40. Kxf5 Nd3 41.
Bc3 Ra3 42. Rc7 Ra2 43. Ke4 Nf2+ 44. Kxe5 Ng4+ 45. Kf4 Ra4+ 46. Kf5 Ne3+ 47. Ke6 Re4+ 48. Be5 Ng4 49. Rxg7+ Kh8 50. Rxg4+ 1-0



[ePGN "0.1;DGT LiveChess/2.2.6"]

[Event "MČR juniorů a juniorek v rapid šachu 2024"]
[Site "Hotel Fit Fun, Harrachov, Czech Republic"]
[Date "2024.09.22"]
[Round "8.10"]
[White "Vilimek Vit"]
[Black "Housa Vojtech"]
[Result "1-0"]
[TimeControl "20+5"]
[WhiteFideId "23718218"]
[BlackFideId "23736364"]
[WhiteElo "2025"]
[BlackElo "1691"]

1. e4 c5 2. b4 cxb4 3.
a3 d5 4.
exd5 Nf6 5. axb4 Nxd5 6. b5 e5 7. Bb2 Qc7 8. Nf3 Bd6 9. Na3 Bg4 10. h3 Bh5 11. Bd3 Nf6 12.
b6 Qd7 13. Nc4 Nc6 14. O-O Bxf3 15. Qxf3 Bc5 16. Bxe5 Nxe5 17. Nxe5 Qd5 18. Bb5+ Ke7 19. Rfe1 Qxf3 20. Nxf3+ Kf8 21.
bxa7 Rxa7 22. Rxa7 Bxa7 23. Ne5 Bb8 24. Ng4 Bd6 25. Nxf6 gxf6 26. Re4 h5 27. h4 Kg7 28. Be2 Ra8 29. g3 Ra5 30. Rd4 Bc5 31.
Rd7 Kg6 32. Rxb7 Ra1+ 33. Kg2 Re1 34. Bc4 Re7 35. Rxe7 Bxe7 36. Kf3 f5 37. d4 Bd6 38. Be2 f4 39. gxf4 Kf5 40. Bd3+ Kf6 41. Ke4 1-0



[ePGN "0.1;DGT LiveChess/2.2.6"]

[Event "MČR juniorů a juniorek v rapid šachu 2024"]
[Site "Hotel Fit Fun, Harrachov, Czech Republic"]
[Date "2024.09.22"]
[Round "8.11"]
[White "Rybacek Martin"]
[Black "Steinbauer Sebastian"]
[Result "0-1"]
[TimeControl "20+5"]
[WhiteFideId "23739266"]
[BlackFideId "399272"]
[WhiteElo "1831"]
[BlackElo "2062"]

1. Nf3 Nf6 2. g3 g6 3.
Bg2 Bg7 4. O-O e6 5. c4 c6 6.
d4 O-O 7. Nc3 d5 8. b3 a6 9. Bf4 b5 10. Qd2 Re8 11. Ne5 Bb7 12. a3 Nbd7 13. e4 dxe4 14. Nxe4 Nxe4 15. Bxe4 Nxe5 16.
dxe5 Qxd2 17. Bxd2 Bxe5 18. Rad1 f5 19. Bf3 Bd4 20. Ba5 e5 21. Bg2 Re7 22. Kh1 bxc4 23. bxc4 c5 24. Rb1 Rb8 25.
Kg1 e4 26. Rb3 e3 27. Bxb7 exf2+ 28. Kg2 Rexb7 29. Rxb7 Rxb7 30. Bd8 Rb3 31. a4 Rb4 0-1



[ePGN "0.1;DGT LiveChess/2.2.6"]

[Event "MČR juniorů a juniorek v rapid šachu 2024"]
[Site "Hotel Fit Fun, Harrachov, Czech Republic"]
[Date "2024.09.22"]
[Round "8.12"]
[White "Ret Adam Josef"]
[Black "Stary Simon"]
[Result "1-0"]
[TimeControl "20+5"]
[WhiteFideId "384240"]
[BlackFideId "23734353"]
[WhiteElo "2038"]
[BlackElo "1866"]

1. c4 Nf6 2. g3 g6 3. Bg2 Bg7 4. Nf3 O-O 5. O-O d6 6. d4 Nbd7 7. Nc3 e5 8. e3 c6 9. b3 a5 10. a4 Re8 11. Ba3 Nf8 12. Rc1 Nh5 13. dxe5 dxe5 14. Ne4 Qxd1 15. Rfxd1 Bg4 16. h3 Bxf3 17.
Bxf3 Ne6 18. Nd6 Red8 19. Nxb7 Rdb8 20. Bxc6 Ra6 21. Bb5 Rxb7 22. Bxa6 Rxb3 23. Bd6 Ng5 24. c5 Rb2 25. Kg2 Ne4 26. c6 Rxf2+ 27. Kg1 Rf3 28.
c7 Rxg3+ 29. Kh2 1-0



[ePGN "0.1;DGT LiveChess/2.2.6"]

[Event "MČR juniorů a juniorek v rapid šachu 2024"]
[Site "Hotel Fit Fun, Harrachov, Czech Republic"]
[Date "2024.09.22"]
[Round "8.13"]
[White "Vyslysel Petr"]
[Black "Juhanak Daniel"]
[Result "0-1"]
[TimeControl "20+5"]
[WhiteFideId "23730277"]
[BlackFideId "23718765"]
[WhiteElo "1678"]
[BlackElo "1982"]

1. d4 d5 2. c4 e6 3. Nc3 Nf6 4.
Bg5 Bb4 5. Bxf6 Qxf6 6. e3 O-O 7. Nf3 c5 8. Rc1 Nc6 9. dxc5 dxc4 10. Bxc4 Bxc5 11. O-O Bb6 12. Bd3 Ne5 13. Be4 Rd8 14.
Qc2 Nxf3+ 15. Bxf3 Rb8 16. Ne4 Qe7 17. Nc5 e5 18. b4 Be6 19. a3 Bd5 20. e4 Bc6 21. Be2 Rd4 22. Bf3 Rbd8 23.
Nb3 Ba4 24. Qc3 Rd3 0-1



[ePGN "0.1;DGT LiveChess/2.2.6"]

[Event "MČR juniorů a juniorek v rapid šachu 2024"]
[Site "Hotel Fit Fun, Harrachov, Czech Republic"]
[Date "2024.09.22"]
[Round "8.14"]
[White "Urbansky Stepan"]
[Black "Bezdek Tomas"]
[Result "1-0"]
[TimeControl "20+5"]
[WhiteFideId "23761741"]
[BlackFideId "23733551"]
[WhiteElo "1837"]
[BlackElo "1973"]

1. e4 e6 2. d4 d5 3.
Nd2 c5 4. exd5 Qxd5 5. Ngf3 cxd4 6. Bc4 Qd6 7. O-O Nf6 8. Nb3 Nc6 9. Nbxd4 Nxd4 10. Qxd4 Qxd4 11. Nxd4 Bc5 12. Nb5 O-O 13. Bf4 Bd7 14. Rad1 Rac8 15. b3 Nd5 16.
Bd6 Rfd8 17. Bxc5 Rxc5 18. Nd6 Bc6 19. Ne4 Ra5 20. a4 Rb8 21. Nd6 Nf4 22. Bb5 Bxg2 23. Rfe1 Bf3 24. Rb1 Rd8 25.
Nc4 Rd4 26. Nxa5 Nh3+ 27. Kf1 Nf4 28. Nc4 1-0



[ePGN "0.1;DGT LiveChess/2.2.6"]